AoeStats
← knot5

Nomad

505668387Analyzed
4v4 RM · 23d ago on Sep 10, 2026· 36m 20s· 8 players
Game mode
Random Map
Map size
231×231
Population
200
Speed
Normal
Resources
Standard
Victory
Conquest
Starting age
Dark Age
Ending age
Imperial Age
RankedLock teamsTeams togetherTeam positionsShared explorationLock speedFull tech treeHidden civsTurbo modeCheats
Victory
Defeat
🇹🇼 Magyars · Taiwan
1042
+14
🇩🇪 Teutons · Germany
1018
+15
🇩🇪 Celts · Germany
995
+16
🇷🇺 Berbers · Russia
984
+17
🇷🇺 Mongols · Russia
1052
-17
🇨🇳 Turks · China
1048
-17
🇷🇺 Celts · Russia
1013
-16
🇷🇺 Vietnamese · Russia
907
-12
NeburX1
13:48 Loom
16:13 Feudal Age
17:28 Double-Bit Axe
17:40 Gold Mining
18:37 Wheelbarrow
18:22 Fishing Lines
18:44 Town Watch
22:27 Castle Age
22:58 Scale Barding Armor
23:04 Forging
23:04 Gillnets
23:34 Medium Warships
23:34 Stone Mining
24:46 Hand Cart
24:53 Chain Barding Armor
25:09 Iron Casting
27:18 Squires
27:03 Arson
27:19 Fletching
27:29 Scale Mail Armor
30:10 Town Patrol
31:29 Bloodlines
31:07 Horse Collar
32:24 Padded Archer Armor
34:27 Masonry
Sipsip
9:56 Loom
13:41 Feudal Age
22:11 Castle Age
20:45 Double-Bit Axe
24:30 Wheelbarrow
23:41 Town Watch
28:17 Hand Cart
28:02 Town Patrol
29:55 Pikeman
33:17 Forging
33:07 Scale Mail Armor
33:12 Scale Barding Armor
大橋東野
12:18 Loom
15:15 Feudal Age
20:49 Castle Age
20:01 Gold Mining
20:05 Fletching
20:15 Padded Archer Armor
30:40 Imperial Age
30:30 Bodkin Arrow
30:35 Padded Archer Armor
30:41 Scale Barding Armor
30:47 Scale Barding Armor
30:54 Thumb Ring
32:21 Gold Shaft Mining
31:36 Stone Mining
31:31 Horse Collar
31:47 Stone Mining
33:38 Spies/Treason
34:52 Double-Bit Axe
knot5
3:26 Loom
16:02 Feudal Age
16:35 Double-Bit Axe
16:35 Horse Collar
16:55 Gold Mining
18:07 Fishing Lines
19:38 Wheelbarrow
19:01 Stone Mining
27:56 Castle Age
28:44 Scale Barding Armor
28:50 Forging
31:34 Bow Saw
32:03 Gold Shaft Mining
32:04 Stone Shaft Mining
31:22 Gillnets
33:20 Hand Cart
33:27 Hand Cart
33:58 Town Watch
tleyberd
5:48 Loom
16:43 Feudal Age
17:21 Fishing Lines
20:33 Double-Bit Axe
20:33 Horse Collar
23:21 Castle Age
22:10 Gold Mining
22:12 Stone Mining
24:41 Gambesons
24:41 Arson
25:10 Bow Saw
25:04 Heavy Plow
29:50 Wheelbarrow
29:41 Scale Mail Armor
29:52 Forging
gongyi528
bagelbi777
7:59 Loom
14:04 Feudal Age
16:03 Double-Bit Axe
20:54 Castle Age
20:26 Horse Collar
22:15 Bow Saw
25:10 Stone Mining
27:10 Fletching
27:41 Gold Mining
28:54 Padded Archer Armor
30:38 Bodkin Arrow
31:12 Husbandry
POL POT
3:02 Loom
17:34 Feudal Age
18:37 Double-Bit Axe
19:30 Wheelbarrow
18:38 Horse Collar
18:52 Stone Mining
18:54 Gold Mining
26:35 Fletching
26:45 Padded Archer Armor
Connection lost

Rejoining the realm…

Still unreachable

The connection could not be restored.

Session expired

The server has moved on; the page needs a fresh start.